 Dungeon Sprint DCSS version 0.31.0-12-g77e489cdc1 (webtiles) character file.

Game seed: 10485178922647653117

94 Heoruswealwe the Skirmisher (level 4, -4/39 HPs)
             Began as a Gnoll Hunter on Feb 14, 2024.
             Killed from afar by a white imp (8 damage)
             ... with a puff of frost
             ... in the Dungeon (Sprint IX: "|||||||||||||||||||||||||||||").
             The game lasted 00:01:42 (82 turns).

Heoruswealwe the Skirmisher (Gnoll Hunter)            Turns: 82, Time: 00:01:43

Health: -4/39      AC:  3    Str: 10    XL:     4   Next: 63%
Magic:  3/8        EV: 14    Int:  9    God:
Gold:   0          SH:  0    Dex: 17    Spells: 9/9 levels left

rFire   . . .        a - +0 shortbow
rCold   . . .        (shield currently unavailable)
rNeg    . . .        c - +0 leather armour
rPois   .            (no helmet)
rElec   .            (no cloak)
rCorr   .            (no gloves)
SInv    .            (no boots)
Will    .....        (no amulet)
Stlth   ++           (no ring)
HPRegen 0.26/turn    (no ring)
MPRegen 0.11/turn

%: no teleportation
@: weakened
A: fangs 1, strong nose, distributed training
a: no special abilities


You were in the Dungeon.
You visited 1 branch

Inventory:

Hand Weapons
 a - a +0 shortbow (weapon)
Armour
 c - a +0 leather armour (worn)
Scrolls
 i - a scroll of blinking
Potions
 f - a potion of haste
 g - 2 potions of magic
 h - a potion of berserk rage


   Skills:
 + Level 5.5 Fighting
 + Level 3.0 Short Blades
 + Level 3.0 Long Blades
 + Level 3.0 Axes
 + Level 3.0 Maces & Flails
 + Level 3.0 Polearms
 + Level 3.0 Staves
 + Level 9.1 Ranged Weapons
 + Level 3.0 Throwing
 + Level 3.0 Armour
 + Level 5.5 Dodging
 + Level 3.8 Stealth
 + Level 3.0 Shields
 + Level 3.0 Unarmed Combat
 + Level 3.0 Spellcasting
 + Level 2.4 Conjurations
 + Level 2.4 Hexes
 + Level 2.4 Summonings
 + Level 2.4 Necromancy
 + Level 2.4 Translocations
 + Level 2.4 Fire Magic
 + Level 2.4 Ice Magic
 + Level 2.4 Air Magic
 + Level 2.4 Earth Magic
 + Level 2.4 Alchemy
 + Level 3.2 Invocations
 + Level 3.0 Evocations
 + Level 2.6 Shapeshifting


You had 9 spell levels left.
You didn't know any spells.
Your spell library was empty.

Dungeon Overview and Level Annotations

Branches:
Dungeon (1/1)

Altars:


Innate Abilities, Weirdness & Mutations

You have very sharp teeth.
Your uncanny sense of smell can sniff out nearby items.
Your experience applies equally to all skills.


Message History

Press: ? - help, Q - select action Shift-Dir - straight line, f - white imp
Aim: a white imp (66% to hit)
You shoot an arrow.
The arrow completely misses the white imp.
The arrow hits the gnoll bouda.
The gnoll bouda is lightly wounded.
The white imp gestures at you. The puff of frost misses you.
Fire: a) +0 shortbow
Press: ? - help, Q - select action Shift-Dir - straight line, f/p - white imp
Aim: a white imp (66% to hit)
You shoot an arrow.
The arrow hits the white imp but does no damage.
The white imp misses you.
Fire: a) +0 shortbow
Press: ? - help, Q - select action Shift-Dir - straight line, f/p - white imp
Aim: a white imp (66% to hit)
You shoot an arrow.
The arrow hits the white imp but does no damage.
The white imp gestures at you. The puff of frost hits you.
* * * LOW HITPOINT WARNING * * *
Fire: a) +0 shortbow
Press: ? - help, Q - select action Shift-Dir - straight line, f/p - white imp
Aim: a white imp (66% to hit)
You shoot an arrow. The arrow hits the white imp.
The white imp is moderately wounded.
The white imp gestures at you. The puff of frost hits you.
* * * LOW HITPOINT WARNING * * *
The gnoll bouda gazes fiercely through you!
You feel your attacks grow feeble.
Fire: a) +0 shortbow
Press: ? - help, Q - select action Shift-Dir - straight line, f/p - white imp
Aim: a white imp (moderately wounded, 66% to hit)
You shoot an arrow. The arrow hits the white imp.
The white imp is severely wounded.
The white imp gestures at you. The puff of frost hits you!
You die...

∆
▓+▓
∆
▓.▓
∆
▓.▓
∆
▓.▓
∆
▓h▓
∆
▓g▓
∆
▓5▓
∆
▓@▓
∆
▓.▓
▓.▓
▓.▓
▓†▓
▓)▓
▓.▓
▓?▓
▓.▓


You could see a gnoll bouda, a hound and a white imp.

Vanquished Creatures
  An ogre (D)
  A white imp (D)
  A giant cockroach (D)
  A hobgoblin (D)
  A kobold (D)
  A quokka (D)
  A rat (D)
7 creatures vanquished.

Notes
Turn   | Place    | Note
-------+----------+-------------------------------------------
     0 | D        | Heoruswealwe the Gnoll Hunter began the quest for the Orb.
     0 | D        | Reached XP level 1. HP: 20/20 MP: 1/1
    13 | D        | Reached skill level 1 in Invocations
    14 | D        | Reached skill level 1 in Short Blades
    14 | D        | Reached skill level 1 in Long Blades
    14 | D        | Reached skill level 1 in Axes
    14 | D        | Reached skill level 1 in Maces & Flails
    14 | D        | Reached skill level 1 in Polearms
    14 | D        | Reached skill level 1 in Staves
    14 | D        | Reached skill level 1 in Throwing
    14 | D        | Reached skill level 1 in Armour
    14 | D        | Reached skill level 1 in Shields
    14 | D        | Reached skill level 1 in Unarmed Combat
    14 | D        | Reached skill level 1 in Spellcasting
    14 | D        | Reached skill level 1 in Evocations
    57 | D        | Noticed a hound
    57 | D        | Noticed a gnoll bouda
    57 | D        | Noticed an ogre
    71 | D        | Killed an ogre
    72 | D        | Reached skill level 5 in Fighting
    72 | D        | Reached skill level 9 in Ranged Weapons
    72 | D        | Reached skill level 5 in Dodging
    72 | D        | Reached XP level 2. HP: 17/27 MP: 2/5
    72 | D        | Reached XP level 3. HP: 20/33 MP: 2/7
    72 | D        | Reached XP level 4. HP: 24/39 MP: 2/8
    82 | D        | Killed from afar by a white imp

Illustrated notes

Levels and vault maps discovered:
D:        linesprint [early_d, line_temple, items_1, d_10, items_2, lair_1,
          lair_end, items_3, orc_1, orc_end, items_4, d_15, swamp_1, shoals_1,
          snake_1, spider_1, d_20, vaults_1, items_5, swamp_end, shoals_end,
          snake_end, spider_end, vaults_end, d_27, items_6, zot_1, zot_end,
          crypt_end, forest_end, elf_end, slime_end, tomb_end, abyss_end,
          pan_hell_end]

Skill      XL: |  1  2  3  4 |
---------------+-------------+-----
Invocations    | 3 |  3.2
Short Blades   | 2 3 |  3.0
Long Blades    | 2 3 |  3.0
Axes           | 2 3 |  3.0
Maces & Flails | 2 3 |  3.0
Polearms       | 2 3 |  3.0
Staves         | 2 3 |  3.0
Throwing       | 2 3 |  3.0
Armour         | 2 3 |  3.0
Shields        | 2 3 |  3.0
Unarmed Combat | 2 3 |  3.0
Spellcasting   | 2 3 |  3.0
Evocations     | 2 3 |  3.0
Fighting       | 5 |  5.5
Ranged Weapons | 9 |  9.1
Dodging        | 5 |  5.5
Stealth        | 3 |  3.8
Conjurations   | 2 |  2.4
Hexes          | 2 |  2.4
Summonings     | 2 |  2.4
Necromancy     | 2 |  2.4
Translocations | 2 |  2.4
Fire Magic     | 2 |  2.4
Ice Magic      | 2 |  2.4
Air Magic      | 2 |  2.4
Earth Magic    | 2 |  2.4
Alchemy        | 2 |  2.4
Shapeshifting  | 2 |  2.6

Action                     |  1- 3 |  4- 6 || total
---------------------------+-------+-------++-------
   Fire: Shortbow          |    21 |    11 ||    32
    Use: Potion            |     2 |       ||     2
 Armour: Leather armour    |    11 |     5 ||    16
  Dodge: Dodged            |    11 |     5 ||    16
